 Dungeon Crawl Stone Soup version 0.23.2-1-ga50397a (webtiles) character file.

Game seed: 3895750667500476685

2214 Borgoz the Cleaver (level 9, -3/121 HPs)
             Began as a Minotaur Monk on May 25, 2019.
             Was a Believer of Ashenzari.
             Slain by an orc warrior (9 damage)
             ... in a bailey.
             The game lasted 00:11:49 (6262 turns).

Borgoz the Cleaver (Minotaur Monk)                  Turns: 6262, Time: 00:11:50

Health: -3/121     AC: 29    Str: 18    XL:     9   Next: 13%
Magic:  8/8        EV:  2    Int:  7    God:    Ashenzari [**....]
Gold:   374        SH:  0    Dex: 17    Spells: 8/8 levels left

rFire    . . .     SeeInvis .   a - +0 hand axe
rCold    . . .     Gourm    .   (no shield)
rNeg     + + +     Faith    .   (armour currently unavailable)
rPois    +         Spirit   .   (helmet currently unavailable)
rElec    .         Reflect  .   (cloak currently unavailable)
rCorr    .         Harm     .   (gloves currently unavailable)
MR       .....     NoTele   +   (boots currently unavailable)
Stlth    ++........             (no amulet)
HPRegen  0.30/turn              B - +3 ring of dexterity
MPRegen  0.11/turn              m - +5 ring of protection

@: tree-form, berserk cooldown, slowed, very slow
A: (retaliatory headbutt)
a: Curse Item, Scrying, Renounce Religion


You were in a bailey.
You worshipped Ashenzari.
Ashenzari was pleased with you.
You were not hungry.
You were a tree.
You visited 2 branches of the dungeon, and saw 8 of its levels.
You also visited: Bailey.

You collected 374 gold pieces.

Inventory:

Hand Weapons
 a - a +0 hand axe (weapon)
Armour
 l - a +0 plate armour
 s - a +0 pair of gloves (melded)
 u - the +1 robe of Kommishe {*Slow rElec MR+}
   (You found it on level 4 of the Dungeon)

   It insulates you from electricity.
   It affects your resistance to hostile enchantments.
   It may slow you when you take damage.
 w - the +7 chain mail of Vuetrewk (melded) {*Contam rPois Dex+8}
   (You found it on level 5 of the Dungeon)

   It affects your dexterity (+8).
   It protects you from poison.
   It causes magical contamination when unequipped.
Jewellery
 f - an uncursed amulet of magic regeneration
 i - a +5 ring of intelligence
 m - a +5 ring of protection (right branch)
 B - a +3 ring of dexterity (left branch)
Wands
 q - a wand of paralysis (9)
Scrolls
 d - a scroll of fog
 e - a scroll of random uselessness {unknown}
 h - a scroll of amnesia {unknown}
 j - 6 scrolls of remove curse
 r - 3 scrolls of magic mapping
 C - a scroll of fear
Potions
 b - a potion of magic
 k - 3 potions of curing
 o - 2 potions of lignification
 p - a potion of resistance {unknown}
 t - a potion of brilliance {unknown}
 v - a potion of flight {unknown}
 z - a potion of agility {unknown}
Comestibles
 c - 16 rations
 A - 9 chunks of flesh


   Skills:
 + Level 8.1 Fighting
 + Level 8.2 Axes
 + Level 7.1 Armour
 + Level 7.4 Dodging
 - Level 1.5 Stealth


You had 8 spell levels left.
You didn't know any spells.
Your spell library was empty.

Dungeon Overview and Level Annotations

Branches:
Dungeon (7/15)             Temple (1/1) D:6

Altars:
Ashenzari
Cheibriados
Dithmenos
Elyvilon
Fedhas
Gozag
Hepliaklqana
Makhleb
Nemelex Xobeh
Okawaru
Qazlal
Ru
Sif Muna
Trog
Uskayaw
Vehumet
Wu Jian
Xom
Zin
The Shining One

Shops:
D:5 [


Innate Abilities, Weirdness & Mutations

((You reflexively headbutt those who attack you in melee.))
((You have a pair of horns on your head.))


Message History

* * * LOW HITPOINT WARNING * * *
You feel better. The orc warrior hits you!
* * * LOW HITPOINT WARNING * * *
The orc warrior hits you with a +0 glaive.
* * * LOW HITPOINT WARNING * * *
The orc warrior hits you but does no damage.
You feel better.
The orc warrior hits you with a +0 glaive!
* * * LOW HITPOINT WARNING * * *
The orc warrior hits you!
* * * LOW HITPOINT WARNING * * *
Throwing (i - inventory)
n - a throwing net (quivered)
Press: ? - help, Shift-Dir - straight line, f - orc warrior
Aim: an orc warrior, wielding a +0 glaive and wearing a cursed +0 chain mail (unusually strong)
You throw a throwing net.
The throwing net closely misses the orc warrior.
The orc warrior no longer looks unusually strong.
The orc warrior hits you but does no damage.
The orc warrior hits you!
You die...

## * ##### ##∩##
#### *
.....##..(##....
,
.≈≈≈..#...#..≈≈≈
,*
≈≈o≈≈.......≈≈o≈
≈.oo≈.......≈oo.
*
≈≈o≈≈.)..)..≈≈o≈
, , * * ≈≈ #)oo#
* , , , #.∩♣# ,,
* *##∩## * * ###
*


You could see an orc knight, 3 orc warriors and an orc.

Vanquished Creatures
  An orc knight (Bailey)
  Grinder (D:5)
  Edmund (D:4)
  2 orc warriors (Bailey)
  A sky beast (D:6)
  4 ogres
  A big kobold (D:4)
  A bullfrog (D:3)
  A gnoll sergeant (D:4)
  A scorpion (D:7)
  2 crimson imps
  A bullfrog zombie (D:7)
  An orc priest (D:6)
  An orc wizard (D:6)
  2 bullfrog skeletons (D:5)
  Natasha (D:2)
  Terence (D:2)
  3 worker ants
  A hound zombie (D:5)
  7 gnolls
  6 adders
  A shadow imp (D:4)
  2 oozes
  3 worms
  3 dart slugs
  7 leopard geckos
  10 orcs
  3 giant cockroaches
  5 goblins
  5 hobgoblins
  14 jackals
  9 kobolds
  3 quokkas
  4 bats
  6 frilled lizards
  11 rats
  2 bushes (D:4)
  3 plants (D:4)
131 creatures vanquished.

Notes
Turn   | Place    | Note
-------+----------+-------------------------------------------
     0 | D:1      | Borgoz the Minotaur Monk began the quest for the Orb.
     0 | D:1      | Reached XP level 1. HP: 19/19 MP: 0/0
   186 | D:1      | Reached XP level 2. HP: 22/27 MP: 1/1
   190 | D:1      | Reached skill level 1 in Armour
   632 | D:2      | Noticed Terence
   643 | D:2      | Killed Terence
   643 | D:2      | Reached XP level 3. HP: 32/33 MP: 2/2
   690 | D:2      | Noticed Natasha
   699 | D:2      | Killed Natasha
   699 | D:2      | Reached XP level 4. HP: 27/41 MP: 3/3
  1515 | D:3      | Noticed a bullfrog
  1524 | D:3      | Killed a bullfrog
  1524 | D:3      | Reached XP level 5. HP: 42/47 MP: 4/4
  1554 | D:3      | Reached skill level 5 in Axes
  1645 | D:3      | Reached skill level 5 in Fighting
  2250 | D:4      | Got a distressingly furry robe
  2367 | D:4      | Noticed an ogre
  2386 | D:4      | Killed an ogre
  2386 | D:4      | Reached XP level 6. HP: 22/56 MP: 5/5
  2685 | D:4      | Noticed Edmund
  2700 | D:4      | Killed Edmund
  2700 | D:4      | Reached skill level 5 in Dodging
  2868 | D:4      | Found a sacrificial altar of Ru.
  3053 | D:4      | Reached XP level 7. HP: 58/62 MP: 6/6
  3530 | D:5      | Entered Level 5 of the Dungeon
  3536 | D:5      | Noticed Grinder
  3541 | D:5      | Paralysed by Grinder for 5 turns
  3556 | D:5      | Paralysed by Grinder for 6 turns
  3582 | D:5      | Killed Grinder
  4456 | D:5      | Got a distressingly furry chain mail
  4501 | D:5      | Reached skill level 5 in Armour
  4533 | D:5      | Found a sparkling altar of Nemelex Xobeh.
  4777 | D:5      | Reached XP level 8. HP: 39/71 MP: 7/7
  5059 | D:5      | Found Tofippol's Armour Emporium.
  5356 | D:6      | Found a staircase to the Ecumenical Temple.
  5433 | D:6      | Found a snail-covered altar of Cheibriados.
  5844 | Temple   | Entered the Ecumenical Temple
  6041 | Temple   | Became a worshipper of Ashenzari the Shackled
  6041 | Temple   | Reached * piety under Ashenzari
  6041 | Temple   | Reached ** piety under Ashenzari
  6055 | Temple   | Identified the +7 chain mail of Vuetrewk {*Contam rPois
                  | Dex+8} (You found it on level 5 of the Dungeon)
  6201 | D:7      | Found a flagged portal.
  6222 | Bailey   | Entered a bailey
  6222 | Bailey   | Noticed an orc knight
  6222 | Bailey   | Noticed an orc knight
  6222 | Bailey   | Noticed an orc knight
  6238 | Bailey   | Killed an orc knight
  6238 | Bailey   | Reached XP level 9. HP: 69/81 MP: 8/8
  6261 | Bailey   | HP: 5/121 [orc warrior (10)]
  6262 | Bailey   | Slain by an orc warrior

Skill      XL: |  1  2  3  4  5  6  7  8 |
---------------+-------------------------+-----
Armour         | 1 2 3 4 5 7 |  7.1
Axes           | 4 5 6 8 |  8.2
Fighting       | 4 5 6 8 |  8.1
Dodging        | 4 5 6 7 |  7.4
Stealth        | |  1.5

Action                   |  1- 3 |  4- 6 |  7- 9 || total
-------------------------+-------+-------+-------++-------
Melee: Hand axe          |    51 |   137 |   406 ||   594
       Headbutt          |     7 |    32 |   120 ||   159
Throw: Throwing net      |       |     1 |     4 ||     5
  Use: Potion            |       |     1 |     6 ||     7
       Scroll            |       |       |     9 ||     9
 Stab: Sleeping          |     1 |       |       ||     1
       Held in net/web   |       |       |     1 ||     1
  Eat: Chunk             |       |     6 |     8 ||    14
       Ration            |       |       |     1 ||     1
Armor: Ring mail         |    15 |     4 |       ||    19
       Robe              |     1 |       |       ||     1
       Plate armour      |       |    56 |   159 ||   215
       Chain mail        |       |       |    15 ||    15
       Skin              |       |       |     6 ||     6
Dodge: Dodged            |    34 |    51 |   124 ||   209
